AoeStats
← FeSec

Arabia

504325577Analyzed
2v2 RM · 27d ago on Sep 4, 2026· 27m 48s· 4 players
Game mode
Random Map
Map size
Medium (4 player)
Population
200
Speed
Normal
Resources
Standard
Victory
Conquest
Starting age
Dark Age
Ending age
Imperial Age
RankedLock teamsTeams togetherTeam positionsShared explorationLock speedFull tech treeHidden civsTurbo modeCheats
Victory
Defeat
🇧🇷 Wu · Brazil
1299
+14
🇧🇷 Mongols · Brazil
1249
+16
🇦🇷 Ethiopians · Argentina
1295
-16
🇦🇷 Persians · Argentina
1226
-14
Nicolitou
3:37 Loom
9:40 Feudal Age
10:18 Double-Bit Axe
17:51 Fletching
18:36 Horse Collar
21:05 Wheelbarrow
22:05 Padded Archer Armor
24:16 Castle Age
24:31 Gold Mining
25:11 Bodkin Arrow
24:37 Crossbowman
25:28 Bow Saw
25:19 Heavy Plow
26:55 Leather Archer Armor
FeSec
7:16 Loom
11:11 Feudal Age
15:43 Double-Bit Axe
21:10 Castle Age
20:05 Forging
22:09 Husbandry
RodrigoSuga
6:59 Loom
9:20 Feudal Age
9:38 Man-at-Arms
10:44 Arson
15:14 Horse Collar
15:46 Double-Bit Axe
19:41 Wheelbarrow
22:21 Castle Age
21:24 Scale Mail Armor
21:35 Forging
23:22 Chain Mail Armor
23:09 Squires
24:03 Iron Casting
25:00 Hand Cart
24:46 Pikeman
Zantins
6:01 Loom
8:58 Feudal Age
9:34 Double-Bit Axe
10:13 Horse Collar
18:09 Fletching
18:18 Town Watch
22:12 Castle Age
20:56 Padded Archer Armor
21:15 Stone Mining
23:20 Bodkin Arrow
24:55 Bloodlines
24:45 Husbandry
25:20 Leather Archer Armor
25:25 Bow Saw
26:24 Ballistics
27:52 Thumb Ring
27:43 Gold Mining
Connection lost

Rejoining the realm…

Still unreachable

The connection could not be restored.

Session expired

The server has moved on; the page needs a fresh start.